Map: 国王藏宝地-天梯版

Players

DnS

  • Race: Protoss Protoss

Scarlett - Winner!

  • Race: Zerg Zerg
  • League: Diamond

Event: WESG 2018 Grand Finals

VOD

Have the link to the VOD?

Description

Time

  • Played on: March 14, 2019, 5:23 a.m.
  • Length: 10:20

All games in this series

Show
View Real Time Build Order
Export as new Build Order

DnS Protoss 

Build Orders: 1 Gate Expand, Archon Immortal, Archon Drop, Dark Templar Rush 

Get SALT Encoding   

  12  0:00  Probe  
  13  0:12  Probe  
  14  0:19  Pylon  
  14  0:24  Probe  
  15  0:33  Probe  
  15  0:39  Gateway  
  15  0:41  Probe  
  16  0:47  Assimilator  
  17  0:51  Probe  
  18  1:03  Probe  
  19  1:15  Probe  
  20  1:24  Nexus  
  20  1:35  Cybernetics Core  
  20  1:37  Probe  
  21  1:47  Assimilator  
  21  1:51  Probe  
  21  1:53  Pylon  
  22  2:01  Adept  
  22  2:03  Probe  
  23  2:11  Probe  
  26  2:19  Twilight Council, Probe  
  26  2:23  Warp Gate  
  26  2:29  Probe  
  27  2:34  Stalker, Probe  
  30  2:42  Probe  
  30  2:43  Probe  
  33  2:52  Probe  
  33  2:54  Probe  
  35  3:00  Robotics Facility  
  35  3:01  Probe  
  36  3:06  Probe  
  36  3:09  Probe  
  37  3:18  Probe x2  
  39  3:21  Dark Shrine  
  40  3:27  Gateway  
  40  3:30  Probe  
  41  3:37  Gateway  
  41  3:38  Warp Prism, Gateway  
  41  3:40  Probe  
  42  3:44  Assimilator  
  42  3:52  Probe  
  45  3:56  Pylon  
  45  3:58  Assimilator  
  45  4:00  Probe  
  46  4:06  Pylon  
  46  4:13  Warp Prism  
  46  4:14  Zealot, Probe  
  46  4:16  Probe  
  50  4:19  Pylon  
  52  4:26  Probe  
  52  4:28  Probe  
  54  4:44  Dark Templar x4  
  62  4:48  Archon  
  62  4:53  Archon  
  62  4:57  Probe  
  62  4:59  Pylon  
  63  5:09  Nexus  
  63  5:10  Pylon  
  63  5:23  Probe  
  63  5:27  Probe  
  65  5:29  Dark Templar x4  
  65  5:33  Archon  
  73  5:37  Probe  
  73  5:39  Probe  
  73  5:40  Observer  
  76  5:45  Forge  
  76  5:48  Pylon  
  76  5:49  Probe  
  75  5:51  Probe, Immortal  
  76  6:01  Probe  
  76  6:03  Pylon, Probe  
  82  6:07  Protoss Ground Weapons Level 1  
  80  6:13  Sentry x3, Probe  
  80  6:15  Probe  
  88  6:22  Probe  
  88  6:25  Charge, Immortal  
  89  6:26  Probe  
  89  6:28  Probe  
  95  6:35  Probe  
  95  6:38  Probe  
  97  6:40  Probe  
  97  6:47  Probe  
  99  6:50  Probe, Assimilator  
  99  6:52  Probe  
  99  6:53  Immortal  
  101  6:58  Gateway x2  
  101  7:01  Gateway  
  101  7:08  Probe x3, Gateway  
  108  7:18  Assimilator  
  108  7:19  Zealot x2, Dark Templar x2  
  108  7:20  Probe  
  108  7:21  Pylon  
  117  7:26  Archon  
  117  7:34  Immortal  
  121  7:46  Zealot x2  
  121  7:51  Protoss Ground Weapons Level 2  
  125  7:55  Photon Cannon  
  125  8:00  Pylon x3  
  125  8:03  Pylon  
  125  8:11  Immortal  
  125  8:19  Sentry  
  131  8:20  Sentry, Zealot x6  
  141  8:36  Probe x2  
  141  8:44  Stalker x8  
  152  8:49  Probe  
  152  8:53  Pylon x2  
  152  8:57  Photon Cannon  
  152  8:59  Probe  
  153  9:03  Probe  
  153  9:04  Probe  
  153  9:08  Stalker x2  
  151  9:18  Probe x2  
  151  9:21  Dark Templar x4  
  151  9:23  Photon Cannon  
  161  9:26  Archon x2  
  161  9:38  Photon Cannon  
  161  9:41  Dark Templar x4  
  166  9:46  Archon x2  
  136  10:02  Zealot x3  
  136  10:03  Zealot  
  94  10:13  Dark Templar x3  
Show
View Real Time Build Order
Export as new Build Order

Scarlett Zerg - Winner!

Build Orders: Hatch First, Muta Ling Bane 

Get SALT Encoding   

  12  0:00  Drone  
  13  0:12  Overlord  
  13  0:18  Drone  
  14  0:31  Drone x2  
  16  0:49  Hatchery  
  15  0:52  Drone  
  15  0:56  Drone  
  17  1:00  Drone  
  18  1:11  Extractor  
  17  1:15  Spawning Pool  
  16  1:19  Drone  
  16  1:23  Drone  
  18  1:29  Drone  
  19  1:40  Drone  
  20  1:51  Hatchery, Drone  
  20  2:00  Drone  
  21  2:02  Drone  
  22  2:09  Queen  
  24  2:18  Queen  
  26  2:25  Overlord  
  26  2:28  Drone  
  27  2:31  Metabolic Boost  
  27  2:34  Zergling x2  
  28  2:43  Drone x4  
  32  2:47  Drone  
  33  2:54  Queen  
  33  2:58  Overlord  
  35  3:02  Drone  
  36  3:07  Drone x2  
  38  3:13  Drone  
  38  3:14  Queen  
  38  3:18  Overlord  
  41  3:22  Drone x2  
  41  3:26  Zergling x4  
  45  3:29  Drone  
  46  3:34  Lair  
  46  3:37  Drone  
  46  3:38  Drone  
  46  3:39  Drone  
  49  3:43  Drone x2  
  51  3:50  Drone  
  51  3:51  Roach Warren  
  53  3:55  Drone x2  
  53  3:59  Extractor  
  53  4:00  Extractor  
  51  4:04  Drone x5  
  51  4:06  Overlord  
  56  4:10  Drone x2  
  56  4:13  Overlord  
  58  4:20  Overlord  
  58  4:27  Drone  
  58  4:28  Drone  
  58  4:29  Drone x2  
  62  4:33  Overseer  
  62  4:34  Roach x3  
  62  4:37  Roach x3  
  74  4:44  Roach x2  
  77  4:46  Drone x3  
  77  4:51  Overlord  
  80  4:53  Extractor  
  80  4:54  Glial Reconstitution  
  80  4:59  Overlord  
  79  5:00  Drone x2  
  79  5:04  Evolution Chamber  
  80  5:07  Overlord  
  80  5:09  Overlord x2  
  80  5:11  Roach x2  
  84  5:18  Roach x4  
  91  5:22  Overseer  
  91  5:25  Roach x2  
  92  5:29  Roach  
  92  5:31  Drone  
  92  5:32  Spore Crawler, Drone x2  
  96  5:36  Drone x3  
  99  5:42  Zerg Missile Weapons Level 1  
  99  5:43  Drone x4  
  99  5:44  Drone  
  104  5:56  Drone  
  104  5:57  Drone x4  
  105  5:58  Drone x2  
  105  6:00  Extractor x2  
  105  6:07  Spire, Drone x2  
  105  6:11  Drone x4  
  109  6:21  Overlord  
  109  6:22  Queen  
  111  6:27  Overlord x2  
  111  6:36  Hatchery  
  110  6:41  Roach x3  
  110  6:43  Overlord  
  110  6:44  Overlord  
  116  6:47  Overlord  
  116  6:58  Roach x6  
  127  7:05  Baneling Nest  
  126  7:13  Overlord x4  
  126  7:22  Mutalisk x6  
  138  7:26  Mutalisk x2  
  138  7:28  Mutalisk  
  144  7:33  Drone  
  144  7:36  Drone  
  144  7:37  Drone x4  
  150  7:39  Zerg Melee Weapons Level 1  
  150  7:42  Mutalisk  
  152  7:48  Spine Crawler  
  152  7:51  Hatchery  
  151  7:55  Zergling x2  
  151  7:56  Zergling x12  
  158  8:05  Zergling x14  
  162  8:12  Centrifical Hooks  
  165  8:22  Zergling x2  
  165  8:23  Zergling x24  
  178  8:38  Zergling x12  
  182  8:51  Zergling x18  
  195  8:57  Zergling x2  
  195  8:58  Hatchery  
  195  8:59  Ravager  
  195  9:01  Ravager  
  195  9:02  Ravager x6  
  199  9:04  Baneling x27  
  195  9:19  Spore Crawler  
  195  9:20  Spine Crawler  
  195  9:21  Spore Crawler  
  195  9:23  Spine Crawler  
  191  9:24  Baneling x13  
  191  9:25  Baneling  
  191  9:26  Zergling x16  
  199  9:35  Baneling x6  
  199  9:44  Infestation Pit  
  196  9:46  Zergling x2  
  196  9:47  Zergling x4  
  164  10:01  Zergling x48  
Tags
 
Add a new tag
Caveats
  • Supply blocks, unpowered buildings, or Contaminate may cause inaccurate times.
  • Supply counts are checked every 10 seconds.